 Dungeon Crawl Stone Soup version 0.27-a0-1331-g60ef6b6952 (webtiles) character file.

Game seed: 7101818601845656159

79775 HAL9000 the Covert (level 15, -6/75 HPs)
             Began as a Vine Stalker Brigand on June 25, 2021.
             Was the Champion of Uskayaw.
             Killed by mirror damage (10 damage)
             ... on level 12 of the Dungeon.
             The game lasted 01:16:42 (19347 turns).

HAL9000 the Covert (Vine Stalker Brigand)          Turns: 19347, Time: 01:16:43

Health: -6/75      AC: 21    Str: 15    XL:     15   Next: 64%
Magic:  0/26       EV: 15    Int: 12    God:    Uskayaw [******]
Gold:   1142       SH:  8    Dex: 29    Spells: 1/24 levels left

rFire    . . .     SeeInvis .   b - +8 autumn katana {vorpal, Clar}
rCold    . . .     Faith    +   P - +1 buckler
rNeg     + . .     Spirit   +   T - +3 troll leather armour {Snorg}
rPois    .         Reflect  .   Z - +3 hat of Gescho {Rampage}
rElec    .         Harm     .   w - +2 cloak {Stlth+}
rCorr    .         Rampage  +   S - +2 pair of gloves {Dex+3}
Will     +....     Clarity  +   (no boots)
Stlth    ++++++++..             d - amulet of faith
HPRegen  2.22/turn              V - ring of Midwinter {rN+ EV+4 Str-3 Dex+9}
MPRegen  0.20/turn              W - ring of Koshrij {AC+4 Stlth+}

@: slowed, very slow
A: fangs 3, regeneration 1, magic shield, antimagic bite, no potion heal 2
a: Renounce Religion, Stomp, Line Pass, Grand Finale


You were on level 12 of the Dungeon.
You worshipped Uskayaw.
Uskayaw was pleased with you.
You visited 3 branches of the dungeon, and saw 19 of its levels.
You visited the Abyss 1 time.
You also visited: Gauntlet.

You collected 1392 gold pieces.
You spent 250 gold pieces at shops.

Inventory:

Hand Weapons
 b - the +8 autumn katana (weapon) {vorpal, Clar}
   (You found it on level 5 of the Lair of Beasts)

   It inflicts extra damage upon your enemies.
   It protects you against confusion.
 t - a +1 dagger of protection
 u - a +2 dagger of draining
Missiles
 c - 6 poisoned darts
 g - 9 silver javelins (quivered)
 j - 7 throwing nets
 n - 6 curare-tipped darts
 J - 8 javelins
 M - 2 atropa-tipped darts
Armour
 w - a +2 cloak of stealth (worn)
 P - a +1 buckler (worn)
 S - a +2 pair of gloves of dexterity (worn)
 T - a +3 troll leather armour (worn) {Snorg}
 X - the +0 helmet "Xanneg" {rF+ Dex+4}
   (You found it on level 4 of the Lair of Beasts)

   It affects your dexterity (+4).
   It protects you from fire.
 Z - the +3 hat of Gescho (worn) {Rampage}
   (You found it in a Gauntlet)

   It bestows one free step when moving towards enemies.
Jewellery
 d - an amulet of faith (around neck)
 H - the ring "Hoprac" {Fly rF+ SInv}
   (You found it on level 4 of the Lair of Beasts)

   [ring of protection from fire]

   It protects you from fire.
   It lets you see invisible.
   It grants you flight.
 V - the ring of Midwinter (left hand) {rN+ EV+4 Str-3 Dex+9}
   (You acquired it on level 2 of the Lair of Beasts)

   [ring of evasion]

   It affects your evasion (+4).
   It affects your strength (-3).
   It affects your dexterity (+9).
   It protects you from negative energy.
 W - the ring of Koshrij (right hand) {AC+4 Stlth+}
   (You acquired it on level 2 of the Lair of Beasts)

   [ring of protection]

   It affects your AC (+4).
   It makes you more stealthy.
Wands
 e - a wand of acid (6)
 s - a wand of iceblast (32)
 z - a wand of paralysis (15)
 D - a wand of digging (10)
 G - a wand of mindburst (59)
 N - a wand of flame (15)
 O - a wand of charming (7)
Scrolls
 h - 4 scrolls of teleportation
 k - 2 scrolls of enchant armour {unknown}
 m - a scroll of summoning {unknown}
 p - 2 scrolls of magic mapping {unknown}
 q - 3 scrolls of amnesia {unknown}
 x - 3 scrolls of silence
 y - a scroll of torment {unknown}
 A - 6 scrolls of immolation
 C - 4 scrolls of identify
 F - 2 scrolls of fog {unknown}
 L - a scroll of blinking {unknown}
 Q - 2 scrolls of vulnerability {unknown}
 U - a scroll of holy word {unknown}
Potions
 f - 6 potions of berserk rage
 i - 8 potions of curing
 l - 3 potions of flight
 o - 2 potions of heal wounds {unknown}
 r - a potion of invisibility
 v - 4 potions of might
 B - 2 potions of magic
 E - 2 potions of haste
 I - 2 potions of mutation {unknown}
 K - 7 potions of ambrosia
 R - 2 potions of brilliance {unknown}
 Y - a potion of resistance {unknown}
Miscellaneous
 a - a condenser vane


   Skills:
 - Level 7.2 Fighting
 - Level 10.2(12.0) Short Blades
 - Level 10.7(12.3) Long Blades
 + Level 4.9 Throwing
 - Level 6.0 Armour
 - Level 0.7 Dodging
 - Level 14.4 Stealth
 - Level 4.0 Shields
 - Level 5.1 Spellcasting
 - Level 6.6 Hexes
 - Level 5.6 Ice Magic
 - Level 5.1 Air Magic
 - Level 14.0 Invocations


You had one spell level left.
You knew the following spells:

 Your Spells              Type           Power      Damage    Failure   Level
a - Swiftness             Air            15%        N/A       9%          3
b - Confusing Touch       Hex            19%        N/A       4%          3
c - Tukima's Dance        Hex            19%        N/A       4%          3
d - Ozocubu's Armour      Ice            16%        N/A       7%          3
e - Invisibility          Hex            9%         N/A       93%         6
f - Silence               Hex/Air        8%         N/A       50%         5

Your spell library contained the following spells:

 Spells                   Type           Power      Damage    Failure   Level
 Corona                   Hex            21%        N/A       1%          1
 Freeze                   Ice            64%        1d8       2%          1
 Shock                    Conj/Air       36%        1d5       9%          1
 Apportation              Tloc           6%         N/A       24%         1
 Ensorcelled Hibernation  Hex/Ice        34%        N/A       2%          2
 Frozen Ramparts          Ice            32%        1d5       7%          3
 Static Discharge         Conj/Air       9%         N/A       12%         2
 Dazzling Flash           Conj/Hex       22%        N/A       19%         3
 Airstrike                Air            7%         N/A       28%         4
 Sublimation of Blood     Necr           1%         N/A       34%         2
 Metabolic Englaciation   Hex/Ice        8%         N/A       45%         5
 Ignite Poison            Fire/Tmut/Pois 3%         N/A       56%         3
 Lesser Beckoning         Tloc           1%         N/A       56%         3
 Hailstorm                Conj/Ice       9%         3d4       58%         4
 Lightning Bolt           Conj/Air       4%         1d16      92%         5
 Animate Armour           Summ/Erth      6%         N/A       93%         4
 Petrify                  Tmut/Erth      3%         N/A       93%         4
 Alistair's Intoxication  Tmut/Pois      2%         N/A       100%        5
 Bolt of Magma            Conj/Fire/Erth 1%         4d4       100%        5
 Borgnjor's Vile Clutch   Necr/Erth      1%         N/A       100%        5
 Irradiate                Conj/Tmut      1%         3d14      100%        5
 Iskenderun's Battlesphe  Conj           3%         2d6       100%        5
 Eringya's Noxious Bog    Tmut/Pois      1%         N/A       100%        6
 Iron Shot                Conj/Erth      1%         9d1       100%        6
 Shadow Creatures         Summ           N/A        N/A       100%        6
 Haunt                    Necr/Summ      1%         N/A       100%        7
 Malign Gateway           Summ/Tloc      1%         N/A       100%        7
 Monstrous Menagerie      Summ           1%         N/A       100%        7
 Orb of Destruction       Conj           1%         N/A       100%        7
 Spellforged Servitor     Conj/Summ      1%         N/A       100%        7
 Summon Horrible Things   Summ           1%         N/A       100%        8


Dungeon Overview and Level Annotations

Branches:
Dungeon (12/15)            Temple (1/1) D:5            Lair (6/6) D:10
  Swamp (0/4) Lair:2       Spider (0/4) Lair:2        Slime (0/5) Lair:5
    Orc (0/2) D:9         Gauntlet (visited)

Altars:
Ashenzari
Cheibriados
Dithmenos
Elyvilon
Fedhas
Gozag
Hepliaklqana
Kikubaaqudgha
Makhleb
Nemelex Xobeh
Okawaru
Qazlal
Ru
Sif Muna
Trog
Uskayaw
Vehumet
Wu Jian
Xom
Yredelemnul
Zin
The Shining One
Jiyva

Shops:
D:3 *   D:4 *   D:7 :   D:9 =


Innate Abilities, Weirdness & Mutations

You have razor-sharp teeth.
Your natural rate of healing is unusually fast.
When hurt, damage is shared between your health and your magic reserves.
Your bite disrupts and absorbs the magic of your enemies.
Potions cannot restore your health.


Message History

The death knight is heavily wounded.
The death knight is no longer sharing its pain.
The death knight calls down the wrath of Yredelemnul upon you.
Your body is wracked with pain!
* * * LOW HITPOINT WARNING * * *
You closely miss the death knight. You bite the death knight.
You drain its power.
You feel invigorated.
The death knight is heavily wounded.
The death knight hits you with a +1 morningstar!
* * * LOW HITPOINT WARNING * * *
Unknown command.
You closely miss the death knight.
You bite the death knight, but do no damage.
The death knight is heavily wounded.
The death knight offers itself to Yredelemnul, and fills with unholy energy.
You hit the death knight. Your bite misses the death knight.
The death knight is heavily wounded.
The death knight reflects your damage back at you!
* * * LOW HITPOINT WARNING * * *
The death knight hits you with a +1 morningstar.
* * * LOW HITPOINT WARNING * * *
Unknown command.
Okay, then.
You hit the death knight. Your bite misses the death knight.
The death knight is severely wounded.
The death knight reflects your damage back at you!
* * * LOW HITPOINT WARNING * * *
The death knight hits you but does no damage.
Unknown command.
You hit the death knight. You bite the death knight. You drain its power.
You feel invigorated.
The death knight is severely wounded.
The death knight reflects your damage back at you!
* * * LOW HITPOINT WARNING * * *
Unknown command.
You slash the death knight!
You bite the death knight, but do no damage.
The death knight is almost dead.
The death knight reflects your damage back at you!
You die...

.. .# .. .#
#.# .. ..# .
.##.# ..
....##
...#####....#
.......p.#
....##...@#
.. ##..##
...####..##
..........#
...)....#..#
..####..####
#.## ##.#
#..#####


You could see a death knight (reflects damage).

Vanquished Creatures
  The ghost of Pegreged the Tainter, a journeyman OpVM of Sif Muna (Lair:5)
  The ghost of leNuup the Ogre Mage, a journeyman OgEE of Qazlal (Lair:2)
  A minotaur (Gauntlet)
  A dire elephant (Lair:6)
  Snorg (D:9)
  The ghost of Mexzic the Blocker, a journeyman TeCj of Vehumet (Lair:4)
  Erolcha (D:11)
  6 hydras
  2 boulder beetles
  A ghost crab (Gauntlet)
  A catoblepas (Lair:6)
  A merfolk avatar (Lair:6)
  A two-headed ogre (D:9)
  2 fire crabs (Lair:4)
  A wretched star (Abyss:2)
  A lindwurm (Lair:6)
  2 wizards (Gauntlet)
  Pikel (D:6)
  A deep elf pyromancer (D:10)
  4 harpies (Lair:6)
  A cyclops (D:11)
  A moth of wrath (Lair:4)
  16 elephants
  A manticore (Lair:6)
  4 black mambas
  Joseph (D:7)
  16 cane toads
  A smoke demon (Abyss:2)
  A gargoyle (D:10)
  2 torpor snails
  A minotaur zombie (Gauntlet)
  9 komodo dragons
  29 rime drakes
  4 freezing wraiths (D:12)
  4 polar bears
  A queen bee (Lair:1)
  2 trolls
  2 tyrant leeches (Lair:2)
  4 hornets
  3 slime creatures (Lair:2)
  24 blink frogs
  5 spriggans (Lair:4)
  A wraith (D:11)
  8 wyverns
  85 yaks
  4 basilisks
  10 steam dragons (Lair:2)
  Menkaure (D:7)
  A swamp worm (Lair:2)
  2 acid dragons
  A hell hound (Lair:6)
  20 water moccasins
  Duvessa (D:6)
  A floating eye (shapeshifter) (D:9)
  3 orc warriors
  4 black bears
  A necrophage (D:5)
  3 sky beasts
  7 wolves
  A phantom (D:2)
  5 ogres
  5 centaurs
  4 lemures (D:6)
  4 kobold brigands (D:9)
  13 bullfrogs
  7 gnoll sergeants
  3 scorpions
  Dowan (D:6)
  35 killer bees
  13 wights
  6 howler monkeys
  A bullfrog zombie (D:7)
  7 hounds
  3 jellies
  7 orc priests
  A centaur skeleton (D:4)
  5 gnoll shamans (D:10)
  12 orc wizards
  13 hell rats (Lair:6)
  A hound zombie (D:5)
  A howler monkey zombie (D:10)
  6 adders
  28 gnolls
  A shadow imp (Gauntlet)
  7 white imps
  An ufetubus (D:3)
  An adder zombie (D:5)
  3 worms
  4 dart slugs
  31 orcs
  5 ball pythons
  3 bats
  8 endoplasms
  2 giant cockroaches
  4 goblins
  3 hobgoblins
  4 jackals (D:10)
  8 kobolds
  3 quokkas
  A frilled lizard (D:1)
  6 rats
  2 butterflies (Lair:6)
595 creatures vanquished.

Vanquished Creatures (others)
  A wyvern (Lair:6)
  65 fungi
  94 plants
160 creatures vanquished.

Grand Total: 755 creatures vanquished

Notes
Turn   | Place    | Note
-------+----------+-------------------------------------------
     0 | D:1      | HAL9000 the Vine Stalker Brigand began the quest for the
                  | Orb.
     0 | D:1      | Reached XP level 1. HP: 11/11 MP: 2/2
   126 | D:1      | Reached skill level 5 in Stealth
   160 | D:1      | Reached XP level 2. HP: 13/15 MP: 3/3
   778 | D:2      | Found a stormy altar of Qazlal.
   839 | D:2      | Reached XP level 3. HP: 9/18 MP: 4/4
  1517 | D:2      | Noticed a phantom
  1522 | D:2      | Killed a phantom
  1523 | D:2      | Gained mutation: Your natural rate of healing is unusually
                  | fast. [Vine Stalker growth]
  1523 | D:2      | Reached XP level 4. HP: 23/23 MP: 5/5
  1625 | D:2      | Reached XP level 5. HP: 26/26 MP: 6/6
  2443 | D:3      | Found Keivvon's General Store.
  2801 | D:4      | Reached XP level 6. HP: 30/30 MP: 7/7
  2810 | D:4      | Found Boezec's Neck Hole.
  3293 | D:5      | Entered Level 5 of the Dungeon
  3301 | D:5      | Reached skill level 5 in Short Blades
  3301 | D:5      | Reached XP level 7. HP: 32/34 MP: 8/8
  4075 | D:5      | Found a staircase to the Ecumenical Temple.
  4093 | Temple   | Entered the Ecumenical Temple
  4312 | Temple   | Became a worshipper of Uskayaw the Reveller
  4682 | D:6      | Reached * piety under Uskayaw
  4683 | D:6      | Reached ** piety under Uskayaw
  4684 | D:6      | Gained mutation: You have razor-sharp teeth. [Vine Stalker
                  | growth]
  4684 | D:6      | Reached XP level 8. HP: 38/38 MP: 9/9
  4722 | D:5      | Reached *** piety under Uskayaw
  4904 | D:6      | Noticed Duvessa
  4905 | D:6      | Noticed Dowan
  4910 | D:6      | Killed Duvessa
  4919 | D:6      | Killed Dowan
  5000 | D:6      | Found a hazy altar of Hepliaklqana.
  5451 | D:6      | Reached XP level 9. HP: 39/42 MP: 8/10
  5456 | D:6      | Learned a level 3 spell: Swiftness
  5577 | D:6      | Noticed Pikel
  5825 | D:6      | Killed Pikel
  5826 | D:6      | Reached skill level 10 in Short Blades
  6021 | D:7      | Noticed Menkaure
  6242 | D:7      | Killed Menkaure
  6264 | D:7      | Noticed Joseph
  6287 | D:7      | Found Cunuiwunt's Book Shop.
  6410 | D:7      | Killed Joseph
  6411 | D:7      | Reached skill level 5 in Fighting
  6724 | D:7      | Identified a scroll of acquirement
  6729 | D:7      | Acquired a manual of Invocations
  6837 | D:8      | Reached XP level 10. HP: 53/53 MP: 11/11
  6841 | D:8      | Reached **** piety under Uskayaw
  6851 | D:8      | Reached ***** piety under Uskayaw
  6871 | D:8      | Reached ****** piety under Uskayaw
  6880 | D:8      | Reached skill level 1 in Invocations
  7293 | D:8      | Reached skill level 5 in Invocations
  7970 | D:9      | Found Gumolu's Jewellery Emporium.
  8250 | D:9      | HP: 1/55 [ogre (17)]
  8348 | D:9      | Reached skill level 1 in Shields
  8578 | D:9      | Found a broken altar of Ashenzari.
  8579 | D:9      | Found an opulent altar of Gozag.
  8761 | D:7      | Bought a book of Maledictions for 250 gold pieces
  8765 | D:7      | Learned a level 3 spell: Confusing Touch
  8769 | D:7      | Learned a level 3 spell: Tukima's Dance
  8883 | D:9      | Found a staircase to the Orcish Mines.
  9038 | D:10     | Entered Level 10 of the Dungeon
  9038 | D:10     | Noticed a two-headed ogre
  9040 | D:10     | Noticed Snorg
  9128 | D:9      | Killed a two-headed ogre
  9129 | D:9      | Reached XP level 11. HP: 58/58 MP: 18/18
  9370 | D:9      | Acquired a +2 pair of gloves of dexterity
  9411 | D:9      | Killed Snorg
  9468 | D:10     | Found a staircase to the Lair.
  9495 | D:10     | Reached skill level 1 in Spellcasting
  9495 | D:10     | Noticed a deep elf pyromancer
  9630 | Lair:1   | Entered Level 1 of the Lair of Beasts
  9948 | Lair:1   | Reached skill level 5 in Hexes
 10098 | Lair:1   | Reached skill level 5 in Spellcasting
 10338 | Lair:1   | Reached skill level 1 in Air Magic
 10347 | Lair:1   | Reached XP level 12. HP: 62/63 MP: 20/20
 10820 | Lair:1   | Reached skill level 5 in Air Magic
 10825 | Lair:1   | Learned a level 3 spell: Ozocubu's Armour
 10832 | Lair:1   | Learned a level 6 spell: Invisibility
 10863 | Lair:2   | Found a hole to the Spider Nest.
 10911 | Lair:2   | Reached skill level 1 in Ice Magic
 10911 | Lair:2   | Found a runed translucent gate.
 10912 | Lair:2   | Found a runed translucent gate.
 10913 | Lair:2   | Found a runed translucent gate.
 10918 | Lair:2   | Found a viscous altar of Jiyva.
 10918 | Lair:2   | Noticed leNuup's ghost (journeyman OgEE)
 11252 | Lair:2   | Reached skill level 5 in Ice Magic
 11607 | Lair:2   | Found a staircase to the Swamp.
 11620 | Lair:2   | Reached skill level 10 in Stealth
 11620 | Lair:2   | Reached skill level 10 in Invocations
 12083 | Lair:2   | Reached XP level 13. HP: 62/67 MP: 22/22
 12173 | Lair:2   | Acquired the ring of Midwinter {rN+ EV+4 Str-3 Dex+9}
 12845 | Lair:3   | Found a gate leading to a gauntlet.
 12851 | Gauntlet | Entered a Gauntlet
 12851 | Gauntlet | Found a transporter.
 12851 | Gauntlet | Found a transporter.
 12851 | Gauntlet | Found a transporter.
 12855 | Gauntlet | Found a transporter.
 12855 | Gauntlet | Found a transporter.
 12855 | Gauntlet | Found a transporter.
 12867 | Gauntlet | Found a transporter.
 12869 | Gauntlet | Found a transporter.
 12879 | Gauntlet | Found a transporter.
 12980 | Gauntlet | Found a transporter.
 12984 | Gauntlet | Found a transporter.
 12994 | Gauntlet | Found a transporter.
 13258 | Gauntlet | Cast into level 2 of the Abyss (a wizard)
 13396 | Gauntlet | Escaped the Abyss
 13417 | Gauntlet | Identified the +3 hat of Gescho {Rampage}
 13492 | Gauntlet | Noticed a minotaur
 13539 | Gauntlet | Killed a minotaur
 13777 | Lair:3   | Acquired the +6 double sword "Vine Stalker's Foe" {vorpal,
                  | Fragile rElec rCorr SInv}
 14118 | Lair:3   | Reached skill level 1 in Long Blades
 14192 | Lair:3   | HP: 1/67 [12-headed hydra (5)]
 14414 | Lair:4   | Reached skill level 5 in Long Blades
 14531 | Lair:4   | Reached XP level 14. HP: 62/72 MP: 20/24
 14557 | Lair:4   | Identified the +0 helmet "Xanneg" {rF+ Dex+4}
 14711 | Lair:4   | Noticed Mexzic's ghost (journeyman TeCj)
 14724 | Lair:4   | Found a transporter.
 14725 | Lair:4   | Found a bloodstained altar of Trog.
 14736 | Lair:4   | Found a transporter.
 15381 | Lair:5   | Found a staircase to the Slime Pits.
 15381 | Lair:5   | Found a viscous altar of Jiyva.
 15442 | Lair:5   | Found a runed translucent gate.
 15445 | Lair:5   | Found a runed translucent gate.
 15445 | Lair:5   | Noticed Pegreged's ghost (journeyman OpVM)
 15446 | Lair:5   | Found a runed translucent gate.
 15463 | Lair:5   | Found the +8 autumn katana {vorpal, Clar}
 15967 | Lair:2   | Killed leNuup's ghost
 16021 | Lair:2   | Acquired the ring of Koshrij {AC+4 Stlth+}
 16143 | Lair:4   | Reached skill level 1 in Armour
 16157 | Lair:4   | Killed Mexzic's ghost
 16162 | Lair:4   | Identified the ring "Hoprac" {Fly rF+ SInv}
 16464 | Lair:5   | Killed Pegreged's ghost
 16491 | Lair:6   | Entered Level 6 of the Lair of Beasts
 16525 | Lair:6   | Learned a level 5 spell: Silence
 16542 | Lair:6   | Reached skill level 10 in Long Blades
 16697 | Lair:6   | Reached XP level 15. HP: 67/75 MP: 25/25
 16745 | Lair:6   | Reached skill level 5 in Armour
 17444 | Lair:6   | Identified the +1 helmet "Eczoba" {rN+ Will+ Dex+5}
 18075 | D:10     | Found an iron altar of Okawaru.
 18075 | D:10     | Found a white marble altar of Elyvilon.
 18076 | D:10     | Found a bloodstained altar of Trog.
 19166 | D:11     | Noticed Erolcha
 19173 | D:11     | Killed Erolcha
 19346 | D:12     | HP: 2/75 [mirror damage (4)]
 19347 | D:12     | Killed by mirror damage

Illustrated notes

Levels and vault maps discovered:
D:1:      saegor_arrival_simple_d, layout_basic
D:2:      layout_loops_corners, basic_altar
D:3:      cheibrodos_helix_gallery, layout_basic, serial_shops,
          nicolae_shop_behind_doors, hex_large, kennysheep_generic_room_3
D:4:      layout_basic, kennysheep_cross_room, moated_statue,
          nicolae_shop_sticking_my_neck_out
D:5:      layout_layer_cave, minmay_temple_entry_junction_2
D:6:      layout_basic, lemuel_crystal_altar, chequers_serial_rivers_large_b,
          kennysheep_decorative_pillar, uniq_duvessa, uniq_pikel
D:7:      layout_cave_pools, serial_shops, nicolae_shop_waterfront,
          uniq_menkaure, uniq_joseph
D:8:      layout_basic
D:9:      layout_rooms, grunt_temple_overflow_open,
          kennysheep_orc_monster_closet_entryway, serial_shops, kennysheep_mini,
          hellmonk_bongcloud_opening, roderic_roman_lattice
D:10:     layout_big_octagon, chequers_temple_overflow_statue_of_worship,
          due_lair_maze_entry_diamond, serial_gnoll_camp, gnoll_camp_medium_02,
          gnoll_camp_mini_hut, gnoll_camp_mini_hut, gnoll_camp_huts_basic,
          gnoll_camp_mini_hut, gnoll_camp_medium_01, dk_noncrumbling_4,
          uniq_snorg
D:11:     layout_roguey, uniq_erolcha
D:12:     layout_layer_cave, uniq_frances
Temple:   eino_temple_scatter_basement
Lair:1:   layout_roguey [special_room_bee], grunt_megastairs_4
Lair:2:   layout_concentric_octagons, minmay_swamp_entry_worms,
          spider_nest_entry_web_field, gammafunk_ghost_ooze, minivault_24,
          bobbens_dragon_lair_wall
Lair:3:   layout_regular_city, gauntlet_entry_generic
Lair:4:   layout_cave_pods, gammafunk_ghost_wrathful_warriors,
          grunt_megastairs_2
Lair:5:   layout_hall_layers, slime_altar_1, gammafunk_ghost_hydra_chop,
          chequers_serial_rivers_small_b
Lair:6:   gammafunk_lair_ancient_temple, layout_loops_ring, special_room
          [special_room_mythical_zoo], lemuel_fruit_fields

Skill      XL: |  1  2  3  4  5  6  7  8  9 10 11 12 13 14 15 |
---------------+----------------------------------------------+-----
Stealth        | 5 6 7 8 9 11 14 | 14.4
Short Blades   | 3 5 6 9 10 | 10.2
Fighting       | 6 7 |  7.2
Invocations    | 8 11 12 14 | 14.0
Shields        | 4 |  4.0
Hexes          | 6 |  6.6
Spellcasting   | 5 |  5.1
Air Magic      | 2 5 |  5.1
Ice Magic      | 5 |  5.6
Long Blades    | 5 10 | 10.7
Armour         | 4 6 |  6.0
Throwing       | 4 |  4.9
Dodging        | |  0.7

Action                   |  1- 3 |  4- 6 |  7- 9 | 10-12 | 13-15 || total
-------------------------+-------+-------+-------+-------+-------++-------
Melee: Dagger            |    31 |   122 |   254 |   982 |   247 ||  1636
       Bite              |     8 |    46 |   131 |   494 |   493 ||  1172
       Double sword      |       |       |       |       |   226 ||   226
       Katana            |       |       |       |       |   391 ||   391
 Fire: Hunting sling     |       |       |       |     8 |       ||     8
Throw: Dart              |     4 |     3 |    58 |    61 |    16 ||   142
       Javelin           |       |       |       |       |     3 ||     3
 Cast: Confusing Touch   |       |       |       |    22 |    20 ||    42
       Ozocubu's Armour  |       |       |       |     1 |     3 ||     4
       Swiftness         |       |       |       |     1 |       ||     1
Invok: Line Pass         |       |       |     1 |     1 |     1 ||     3
       Stomp             |       |       |       |     3 |       ||     3
Evoke: Wand              |       |       |     1 |       |       ||     1
  Use: Scroll            |       |       |     8 |     4 |     9 ||    21
       Potion            |       |       |       |       |     3 ||     3
 Stab: Sleeping          |     5 |    18 |     7 |     7 |    29 ||    66
       Invisible         |     1 |     1 |     2 |     2 |     2 ||     8
       Distracted        |       |     1 |     1 |     3 |     6 ||    11
       Paralysed         |       |       |     6 |    35 |    81 ||   122
       Confused          |       |       |       |    22 |    15 ||    37
Armor: Leather armour    |     5 |    37 |    49 |       |       ||    91
       Acid dragon scale |       |       |    10 |    90 |       ||   100
       Troll leather arm |       |       |       |   189 |   228 ||   417
Dodge: Dodged            |    10 |    44 |    92 |   295 |   374 ||   815
Block: Buckler           |       |       |       |   114 |   208 ||   322
       Rpst.: Double sword |       |       |       |       |    26 ||    26
       Katana            |       |       |       |       |    42 ||    42

Table legend: (Time is in decaauts)
 A = Elapsed time spent in this place.
 B = Non-inter-level travel time spent in this place.
 C = Inter-level travel time spent in this place.
 D = Time resting spent in this place.
 E = Time spent auto-exploring this place.
 F = Levels seen in this place.
 G = Mean time per level.
                   A        B        C        D        E       F      G
               +--------+--------+--------+--------+--------+-----+--------+
         Total |  18613 |  17205 |   1408 |   1208 |  11030 |  21 |  886.3 |
       Dungeon |  10647 |  10035 |    612 |    775 |   6821 |  12 |  887.2 |
        Temple |    233 |    188 |     45 |      0 |    187 |   1 |  233.0 |
          Lair |   7026 |   6275 |    751 |    433 |   3791 |   6 | 1171.0 |
         Abyss |    133 |    133 |      0 |      0 |     84 |   1 |  133.0 |
      Gauntlet |    572 |    572 |      0 |      0 |    147 |   1 |  572.0 |
               +--------+--------+--------+--------+--------+-----+--------+

Top non-repeatable levels by time:
  Lair:2: 1709 daAuts
     D:9: 1425 daAuts
  Lair:4: 1404 daAuts
     D:6: 1331 daAuts
     D:5: 1250 daAuts
     D:2: 1228 daAuts
  Lair:1: 1116 daAuts
  Lair:6: 1095 daAuts
  Lair:3: 1064 daAuts
    D:10: 1041 daAuts
     D:8: 993 daAuts
     D:1: 757 daAuts
     D:3: 686 daAuts
     D:7: 663 daAuts
  Lair:5: 636 daAuts
